 Dungeon Crawl Stone Soup version 0.30.0-10-gfe55d96785 (webtiles) character file.

Game seed: 17677149314228135533

918 jurchenman the Magician (level 7, -3/36 HPs)
             Began as a Deep Elf Fire Elementalist on May 15, 2023.
             Slain by Duvessa
             ... wielding a +0 short sword
              (4 damage)
             ... on level 7 of the Dungeon.
             The game lasted 00:20:19 (4894 turns).

jurchenman the Magician (DEFE)                      Turns: 4894, Time: 00:20:20

Health: -3/36      AC:  6    Str:  5    XL:     7   Next: 83%
Magic:  11/19      EV: 14    Int: 22    God:
Gold:   238        SH:  0    Dex: 15    Spells: 15/19 levels left

rFire   + . .        n - +2 dagger (flame)
rCold   x . .        (no shield)
rNeg    . . .        a - +1 robe
rPois   .            m - +2 helmet
rElec   .            (no cloak)
rCorr   .            (no gloves)
SInv    .            (no boots)
Will    .....        (no amulet)
Stlth   ++           b - ring of fire
HPRegen 0.26/turn    (no ring)
MPRegen 0.16/turn

%: no passive effects
@: about to teleport
A: no striking features
a: no special abilities


You were on level 7 of the Dungeon.
You visited 1 branch of the dungeon, and saw 6 of its levels.
You also visited: Sewer.

You collected 238 gold pieces.

Inventory:

Hand Weapons
 d - a +4 spear
 n - a +2 dagger of flaming (weapon)
Missiles
 h - 59 stones
 v - 10 poisoned darts
Armour
 a - a +1 robe (worn)
 m - a +2 helmet (worn)
Jewellery
 b - a ring of fire (left hand)
 e - an amulet of faith
Scrolls
 i - 2 scrolls of fog
 j - 3 scrolls of teleportation
 r - 2 scrolls of magic mapping
Potions
 c - a potion of resistance
 f - 6 potions of curing
 g - 4 potions of flight
 l - a potion of brilliance {unknown}
 o - a potion of magic
 p - a potion of berserk rage {unknown}
 s - a potion of lignification {unknown}
 u - a potion of haste {unknown}
 x - 2 potions of might {unknown}


   Skills:
 + Level 5.0 Dodging
 - Level 2.4 Stealth
 + Level 6.8 Spellcasting
 + Level 5.1 Conjurations
 + Level 6.1 Fire Magic


You had 15 spell levels left.
You knew the following spells:

 Your Spells              Type           Power      Damage    Failure   Level
a - Foxfire               Conj/Fire      100%       2x1d9     1%          1
b - Scorch                Fire           100%       2d9       1%          2
c - Magic Dart            Conj           100%       1d8       1%          1

Your spell library contained the following spells:

 Spells                   Type           Power      Damage    Failure   Level
 Searing Ray              Conj           60%        2d6       1%          2
 Shock                    Conj/Air       72%        1d7       3%          1
 Inner Flame              Hex/Fire       31%        N/A       7%          3
 Volatile Blastmotes      Fire/Tloc      62%        2d15      7%          3
 Necrotise                Necr           28%        1d5       9%          1
 Flame Wave               Conj/Fire      48%        2d12      9%          4
 Lesser Beckoning         Tloc           14%        N/A       13%         2
 Gell's Gravitas          Tloc           7%         N/A       26%         3
 Portal Projectile        Hex/Tloc       14%        N/A       26%         3
 Teleport Other           Tloc           7%         N/A       26%         3
 Tukima's Dance           Hex            7%         N/A       26%         3
 Fulminant Prism          Conj/Hex       9%         3d7       28%         4
 Blade Hands              Tmut           3%         N/A       93%         5


Dungeon Overview and Level Annotations

Branches:
Dungeon (5/15)              Sewer (visited)
 Temple: D:4-7

Altars:
Trog

Annotations:
D:7 Duvessa


Message History

There is an open door here.
The helpless Dowan fails to defend himself.
You puncture Dowan! You burn Dowan.
Dowan is heavily wounded.
The orc wizard points at you and mumbles some strange words.
The puff of flame hits you. You resist. Dowan closely misses you.
Duvessa shouts!
Casting: Scorch (safe; 1% risk of failure)
Confirm with . or Enter, or press ? or * to list all spells.
You feel a surge of power!
Flames lash Dowan.
Dowan is almost dead.
Dowan's fire resistance burns away.
The orc shouts!
Casting: Scorch (safe; 1% risk of failure)
Confirm with . or Enter, or press ? or * to list all spells.
You feel a surge of power!
Flames lash Dowan.
Dowan is burned terribly!
You kill Dowan!
Duvessa screams in rage.
Duvessa goes berserk!
Your Dodging skill increases to level 5!
Casting: Scorch (safe; 1% risk of failure)
Confirm with . or Enter, or press ? or * to list all spells.
You feel a surge of power!
Flames lash the orc.
You kill the orc!
Duvessa hits you with a +0 short sword. Duvessa completely misses you.
The orc wizard casts a spell.
The orc wizard flickers and vanishes!
Deactivating autopickup; reactivate with Ctrl-A.
Casting: Scorch (safe; 1% risk of failure)
Confirm with . or Enter, or press ? or * to list all spells.
You feel a surge of power!
Flames lash the orc.
You kill the orc!
Duvessa hits you with a +0 short sword! The orc wizard casts a spell at you.
The puff of flame misses you.
As you read the scroll of teleportation, it crumbles to dust.
You feel strangely unstable. Duvessa hits you with a +0 short sword!
* * * LOW HITPOINT WARNING * * *
Duvessa hits you with a +0 short sword.
You die...

.... .... ...#
#+####...##
#....)o.... ...
#...)......
....#..e.......
...###@###
#.......# .
#....§§§# ...
+..§§§§§#.?...
#..§§§§§......
####...§§§§#..##.
#....§.§.§§#+##
#.....).§.....
+.....###§......


You could see Duvessa (berserk) and an orc wizard.

Vanquished Creatures
  An ogre (D:4)
  3 kobold brigands (Sewer)
  A scorpion (D:4)
  A wight (D:7)
  Dowan (D:7)
  A bullfrog zombie (D:7)
  2 hounds (D:5)
  A sleepcap (D:4)
  An iguana (D:5)
  2 orc wizards (D:3)
  Robin (D:3)
  3 gnolls (D:3)
  7 adders
  8 worms
  7 dart slugs
  5 orcs
  8 endoplasms
  6 giant cockroaches
  18 goblins
  6 hobgoblins
  12 jackals
  12 kobolds
  5 quokkas
  11 ball pythons
  4 bats
  9 frilled lizards
  11 rats
147 creatures vanquished.

Vanquished Creatures (others)
  323 foxfires
323 creatures vanquished.

Grand Total: 470 creatures vanquished

Notes
Turn   | Place    | Note
-------+----------+-------------------------------------------
     0 | D:1      | jurchenman the Deep Elf Fire Elementalist began the quest
                  | for the Orb.
     0 | D:1      | Reached XP level 1. HP: 10/10 MP: 6/6
   271 | D:1      | Got A Tutorial on Forbidden Knowledge
   385 | D:1      | Reached XP level 2. HP: 15/15 MP: 5/8
   439 | D:1      | Learned a level 2 spell: Scorch
  1121 | D:2      | Reached XP level 3. HP: 19/19 MP: 3/10
  1848 | D:2      | Reached XP level 4. HP: 23/24 MP: 9/12
  2339 | D:3      | Reached XP level 5. HP: 28/28 MP: 12/14
  2406 | D:3      | Noticed Robin
  2427 | D:3      | Killed Robin
  2555 | D:3      | Reached skill level 5 in Spellcasting
  2968 | D:4      | Noticed an ogre
  2969 | D:4      | Reached skill level 5 in Fire Magic
  2969 | D:4      | Reached XP level 6. HP: 26/32 MP: 5/16
  3282 | D:4      | Found a bloodstained altar of Trog.
  3385 | D:4      | Found a glowing drain.
  3430 | Sewer    | Entered a sewer
  3541 | Sewer    | Reached XP level 7. HP: 25/36 MP: 10/18
  4477 | D:4      | Learned a level 1 spell: Magic Dart
  4478 | D:5      | Entered Level 5 of the Dungeon
  4791 | D:5      | You fall into a shaft and drop 2 floors!
  4841 | D:7      | Reached skill level 5 in Conjurations
  4887 | D:7      | Noticed Dowan
  4888 | D:7      | Noticed Duvessa
  4891 | D:7      | Killed Dowan
  4892 | D:7      | Reached skill level 5 in Dodging
  4894 | D:7      | HP: 1/36 [Duvessa/+0 short sword (15)]
  4894 | D:7      | Slain by Duvessa

Illustrated notes

Levels and vault maps discovered:
D:1:      co_arrival_square_in_a_square_in_a_square, layout_loops_ring,
          minmay_misc_feat_secret_circle, supply_closet_lemuel,
          hangedman_decor_clover_reticule, hex_tiny
D:2:      layout_basic, nicolae_concentric_dashed_squares_mild
D:3:      layout_rooms, uniq_robin
D:4:      layout_rooms, lightli_temple_of_fire, portal_sewer_entry_e,
          kennysheep_generic_room_7
D:5:      layout_rooms, minmay_temple_entry_glassed_door, minmay_misc_feat_five
D:7:      layout_gridville, serial_undead, serial_undead_c, serial_undead_d,
          serial_undead_d, serial_undead_a, uniq_duvessa

Skill      XL: |  1  2  3  4  5  6  7 |
---------------+----------------------+-----
Conjurations   | 2 3 4 5 |  5.1
Spellcasting   | 4 5 6 |  6.8
Fire Magic     | 4 5 6 |  6.1
Dodging        | 3 4 5 |  5.0
Stealth        | |  2.4

Action                     |  1- 3 |  4- 6 |  7- 9 || total
---------------------------+-------+-------+-------++-------
  Melee: Spear             |     6 |       |       ||     6
         Punch             |     1 |       |       ||     1
         Dagger            |     1 |     6 |     2 ||     9
   Cast: Foxfire           |    67 |    89 |    37 ||   193
         Scorch            |     5 |    28 |    10 ||    43
         Magic Dart        |       |       |     5 ||     5
    Use: Scroll            |     6 |     5 |     8 ||    19
         Potion            |       |     2 |       ||     2
   Stab: Sleeping          |     3 |     1 |     2 ||     6
 Armour: Robe              |     7 |     6 |       ||    13
  Dodge: Dodged            |    23 |    33 |     5 ||    61
